 Dungeon Crawl Stone Soup version 0.30-a0-170-g85af917532 (webtiles) character file.

Game seed: 12688023303361990136

68 jimonade the Cutter (level 4, -8/26 HPs)
             Began as a Kobold Brigand on Sept 30, 2022.
             Killed from afar by Ijyb (12 damage)
             ... with a puff of flame
             ... on level 3 of the Dungeon.
             The game lasted 00:03:06 (2465 turns).

jimonade the Cutter (Kobold Brigand)                Turns: 2465, Time: 00:03:07

Health: -8/26      AC:  6    Str:  8    XL:     4   Next: 41%
Magic:  4/4        EV: 12    Int: 12    God:
Gold:   133        SH:  0    Dex: 18    Spells: 3/3 levels left

rFire   . . .      SeeInvis .    a - +2 dagger
rCold   . . .      Faith    .    (no shield)
rNeg    . . .      Spirit   .    o - +0 ring mail
rPois   .          Reflect  .    (no helmet)
rElec   .          Harm     .    c - +0 cloak
rCorr   .          Rampage  .    (no gloves)
Will    .....                    (no boots)
Stlth   ++++......               (no amulet)
HPRegen 0.08/turn                (no ring)
MPRegen 0.09/turn                (no ring)

@: no status effects
A: small, no large weapons, nightstalker 3
a: no special abilities


You were on level 3 of the Dungeon.
You visited 1 branch of the dungeon, and saw 3 of its levels.

You collected 133 gold pieces.

Inventory:

Hand Weapons
 a - a +2 dagger (weapon)
Missiles
 d - 9 poisoned darts (quivered)
 e - 3 curare-tipped darts
 h - 9 stones
Armour
 b - a +0 robe
 c - a +0 cloak (worn)
 o - a +0 ring mail (worn)
 q - a +0 plate armour
 r - a +2 robe of fire resistance
 s - a +0 leather armour
Jewellery
 n - an amulet of magic regeneration
 t - a ring of flight
Scrolls
 f - a scroll of immolation {unknown}
 g - a scroll of blinking {unknown}
 i - a scroll of enchant armour {unknown}
 k - a scroll of fear {unknown}
 m - 2 scrolls of identify {unknown}
 p - 2 scrolls of teleportation {unknown}
 x - a scroll of poison {unknown}
 y - a scroll of noise {unknown}
Potions
 j - a potion of magic {unknown}
 l - a potion of invisibility {unknown}
 u - 2 potions of mutation {unknown}
 v - a potion of degeneration {unknown}
 w - 2 potions of curing {unknown}


   Skills:
 - Level 2.1 Fighting
 + Level 5.8 Short Blades
 - Level 2.1 Throwing
 - Level 1.2 Dodging
 - Level 5.3 Stealth


You had 3 spell levels left.
You didn't know any spells.
Your spell library was empty.

Dungeon Overview and Level Annotations

Branches:
Dungeon (3/15)

Altars:

Annotations:
D:3 Ijyb


Innate Abilities, Weirdness & Mutations

You are small and have problems with some larger weapons.
You are completely attuned to the shadows.


Message History

Ijyb is lightly wounded.
The giant cockroach bites you but does no damage.
Ijyb misses you.
You hit Ijyb.
Ijyb is moderately wounded.
The giant cockroach barely misses you.
You miss Ijyb.
Ijyb is moderately wounded.
Ijyb barely misses you. The giant cockroach closely misses you.
You hit Ijyb.
Ijyb is moderately wounded.
Ijyb zaps a wand.
The puff of flame misses you. The giant cockroach closely misses you.
You hit Ijyb.
Ijyb is heavily wounded.
Ijyb closely misses you.
You hit Ijyb but do no damage.
Ijyb is heavily wounded.
The giant cockroach bites you.
You barely miss Ijyb.
Ijyb is heavily wounded.
The giant cockroach bites you but does no damage.
Ijyb zaps a wand.
The puff of flame hits you!
* * * LOW HITPOINT WARNING * * *
You hit Ijyb but do no damage.
Ijyb is heavily wounded.
The giant cockroach bites you but does no damage.
Ijyb closely misses you.
You barely miss Ijyb.
Ijyb is heavily wounded.
The giant cockroach bites you but does no damage.
You miss Ijyb.
Ijyb is heavily wounded.
Ijyb hits you with a +0 dagger.
* * * LOW HITPOINT WARNING * * *
The giant cockroach closely misses you.
You hit Ijyb but do no damage.
Ijyb is heavily wounded.
Ijyb zaps a wand.
The puff of flame hits you!
You die...

..#.#.#o #######.#.#...
############.....#.#.###.
#................#.......
###.###........).....##..
#######.#
#..............##..
#<[.....#
#.............###..
######### #.............#
#.. #.@B..........#
#.g...........# #......
#...... #.$....


You could see Ijyb and a giant cockroach.

Vanquished Creatures
  2 adders (D:2)
  2 worms (D:2)
  2 dart slugs (D:2)
  3 orcs (D:3)
  4 ball pythons
  3 endoplasms
  3 goblins (D:1)
  3 hobgoblins
  3 quokkas
  2 bats
  2 frilled lizards (D:1)
  4 kobolds
  5 rats
38 creatures vanquished.

Notes
Turn   | Place    | Note
-------+----------+-------------------------------------------
     0 | D:1      | jimonade the Kobold Brigand began the quest for the Orb.
     0 | D:1      | Reached XP level 1. HP: 12/12 MP: 1/1
   216 | D:1      | Reached XP level 2. HP: 12/17 MP: 2/2
  1100 | D:2      | Reached XP level 3. HP: 21/21 MP: 3/3
  1140 | D:2      | Reached skill level 5 in Short Blades
  1349 | D:2      | Reached XP level 4. HP: 23/26 MP: 4/4
  1382 | D:2      | Found a faded altar of an unknown god.
  2445 | D:3      | Noticed Ijyb
  2465 | D:3      | Killed from afar by Ijyb

Illustrated notes

Levels and vault maps discovered:
D:1:      lemuel_arrival_muddy, layout_basic
D:2:      layout_basic, nicolae_ecumenical_oubliette
D:3:      layout_basic, uniq_ijyb, uniq_terence

Skill      XL: |  1  2  3 |
---------------+----------+-----
Short Blades   | 3 4 5 |  5.8
Fighting       | |  2.1
Throwing       | |  2.1
Dodging        | |  1.2
Stealth        | |  5.3

Action                   |  1- 3 |  4- 6 || total
-------------------------+-------+-------++-------
Melee: Dagger            |    60 |    63 ||   123
       Punch             |       |     1 ||     1
 Stab: Distracted        |     2 |       ||     2
       Sleeping          |     6 |     4 ||    10
Armor: Robe              |     3 |       ||     3
       Ring mail         |     2 |    17 ||    19
Dodge: Dodged            |    22 |    22 ||    44

Table legend: (Time is in decaauts)
 A = Elapsed time spent in this place.
 B = Non-inter-level travel time spent in this place.
 C = Inter-level travel time spent in this place.
 D = Time resting spent in this place.
 E = Time spent auto-exploring this place.
 F = Levels seen in this place.
 G = Mean time per level.
                   A        B        C        D        E       F      G
               +--------+--------+--------+--------+--------+-----+--------+
         Total |   2439 |   2340 |     99 |    217 |   1734 |   3 |  813.0 |
       Dungeon |   2439 |   2340 |     99 |    217 |   1734 |   3 |  813.0 |
               +--------+--------+--------+--------+--------+-----+--------+

Top non-repeatable levels by time:
     D:2: 1271 daAuts
     D:1: 1016 daAuts
     D:3: 151 daAuts
